 Dungeon Crawl Stone Soup version 0.29-a0-375-g5102b3be25 (webtiles) character file.

Game seed: 6155473458131457045

687 happo123 the Chopper (level 7, 0/59 HPs)
             Began as a Purple Draconian Wanderer on May 4, 2022.
             Was a Follower of Elyvilon.
             Slain by Duvessa
             ... wielding a +0 rapier
              (14 damage)
             ... on level 5 of the Dungeon.
             The game lasted 00:28:38 (4022 turns).

happo123 the Chopper (Purple Draconian Wanderer)    Turns: 4022, Time: 00:28:41

Health: 0/59       AC: 11    Str: 13    XL:     7   Next: 35%
Magic:  7/7        EV: 12    Int:  9    God:    Elyvilon [*.....]
Gold:   285        SH:  5    Dex: 17    Spells: 6/6 levels left

rFire   . . .      SeeInvis .   h - +2 hand axe (venom)
rCold   . . .      Faith    .   d - +0 buckler {AC+3}
rNeg    . . .      Spirit   .   (body armour unavailable)
rPois   .          Reflect  .   (helmet restricted)
rElec   .          Harm     .   (no cloak)
rCorr   .          Rampage  .   q - +0 pair of gloves
Will    +....                   c - +0 pair of boots
Stlth   +++.......              (no amulet)
HPRegen 0.19/turn               (no ring)
MPRegen 0.10/turn               (no ring)

@: short of breath
A: breathe power, AC +6, unfitting armour, cold-blooded
a: Breathe Dispelling Energy, Renounce Religion, Purification


You were on level 5 of the Dungeon.
You worshipped Elyvilon.
Elyvilon was aware of your devotion.
You visited 1 branch of the dungeon, and saw 5 of its levels.

You collected 285 gold pieces.

Inventory:

Hand Weapons
 a - a +0 dagger
 h - a +2 hand axe of venom (weapon)
 p - the +10 quarterstaff "Hydraslayer" {speed, rC+ Int+4 Dex+4}
   (You found it on level 3 of the Dungeon)

   Attacks with this weapon are significantly faster.
   Int:       It affects your intelligence (+4).
   Dex:       It affects your dexterity (+4).
   rC:        It protects you from cold.
 r - a +0 short sword of venom
 t - a +3 long sword
 v - a +0 dire flail
Missiles
 i - 4 poisoned darts (quivered)
Armour
 c - a +0 pair of boots (worn)
 d - a +0 buckler of protection (worn)
 q - a +0 pair of gloves (worn)
 w - an orb of guile
Scrolls
 b - 3 scrolls of teleportation
 e - a scroll of enchant weapon
 f - a scroll of identify
 j - a scroll of noise
 n - 4 scrolls of blinking
 o - a scroll of immolation
 s - 2 scrolls of fear
 u - a scroll of poison
Potions
 g - 5 potions of curing
 k - 3 potions of heal wounds
 l - 2 potions of haste {unknown}
 m - 2 potions of brilliance {unknown}
 x - a potion of cancellation {unknown}


   Skills:
 + Level 4.3 Fighting
 + Level 4.3 Axes
 + Level 0.6 Staves
 + Level 2.5 Dodging
 + Level 3.8 Stealth
 + Level 4.0 Shields
 + Level 2.6 Unarmed Combat


You had 6 spell levels left.
You didn't know any spells.
Your spell library contained the following spells:

 Spells                   Type           Power      Damage    Failure   Level
 Sandblast                Erth           0%         2d4       45%         1
 Corpse Rot               Necr/Air       0%         N/A       61%         2
 Passwall                 Tmut/Erth      0%         N/A       61%         2
 Stone Arrow              Conj/Erth      0%         3d7       83%         3
 Dispel Undead            Necr           0%         3d6       99%         4
 Alistair's Intoxication  Tmut/Pois      0%         N/A       100%        5
 Borgnjor's Vile Clutch   Necr/Erth      0%         N/A       100%        5
 Death Channel            Necr           0%         N/A       100%        6
 Eringya's Noxious Bog    Tmut/Pois      0%         N/A       100%        6


Dungeon Overview and Level Annotations

Branches:
Dungeon (5/15)             Temple (0/1) D:4

Altars:
Elyvilon
Fedhas
Trog
Vehumet

Shops:
D:2 (

Annotations:
D:5 Duvessa


Innate Abilities, Weirdness & Mutations

You can breathe bolts of dispelling energy.
Your rich purple scales are hard. (AC +6)
You cannot fit into any form of body armour.
You are cold-blooded and may be slowed by cold attacks.


Message History

Dowan mumbles some strange words.
Dowan blinks!
Duvessa zaps a wand.
The puff of flame hits you.
You closely miss Dowan.
Dowan is heavily wounded.
You block Dowan's attack.
Duvessa zaps a wand.
The puff of flame hits you.
You barely miss Dowan.
Dowan is heavily wounded.
Dowan hits you but does no damage.
You hit Dowan. You tail-slap Dowan, but do no damage.
Dowan is severely wounded.
Dowan gestures wildly while chanting.
Dowan blinks!
Duvessa zaps a wand.
The puff of flame misses you.
Dowan points at you and mumbles some strange words.
You resist with almost no effort.
Dowan points at you and mumbles some strange words.
You resist with almost no effort.
You kill Dowan!
Duvessa screams in rage.
Duvessa goes berserk!
Duvessa rages.
Your Fighting skill increases to level 4!
Aiming: Breathe Dispelling Energy (5% risk of failure)
Press: ? - help, Shift-Dir - straight line, f - Duvessa
Aim: Duvessa, wielding a +0 rapier, wearing a +0 ring mail and carrying a wand of flame (18) (berserk, 65% to hit)
You breathe a bolt of dispelling energy.
The bolt of dispelling energy hits Duvessa!
Duvessa is lightly wounded.
You hit Duvessa but do no damage.
Duvessa is poisoned.
You tail-slap Duvessa, but do no damage.
Duvessa is lightly wounded.
Duvessa misses you. Duvessa hits you with a +0 rapier!
You closely miss Duvessa.
You tail-slap Duvessa, but do no damage.
Duvessa is lightly wounded.
Duvessa hits you with a +0 rapier!
* * * LOW HITPOINT WARNING * * *
Duvessa hits you with a +0 rapier!
You die...

..........###...#
....>.....# ##.##
.......... #..#
........ ##.##
...... ###..#
#..###.).##
#####.....[.#
#####...........#
####..@e.....####).#
#.......†.†#####
#..# .....).#####
#..# ####### ####


You could see Duvessa (berserk, poisoned).

Vanquished Creatures
  An ogre (D:4)
  A necrophage (D:5)
  A scorpion (D:5)
  Dowan (D:5)
  5 wights (D:4)
  A hound (D:5)
  3 adders
  4 gnolls
  A worm (D:3)
  A dart slug (D:2)
  7 ball pythons
  9 endoplasms
  7 giant cockroaches
  14 hobgoblins
  2 jackals (D:4)
  6 kobolds
  3 quokkas
  7 bats
  4 frilled lizards
  8 goblins
  4 rats
90 creatures vanquished.

Notes
Turn   | Place    | Note
-------+----------+-------------------------------------------
     0 | D:1      | happo123 the Draconian Wanderer began the quest for the
                  | Orb.
     0 | D:1      | happo123 set off with the following items: a +0 dagger, 2
                  | scrolls of teleportation, a +0 pair of boots, a +0 buckler
                  | of protection
     0 | D:1      | Reached XP level 1. HP: 17/17 MP: 1/1
   258 | D:1      | Reached XP level 2. HP: 25/25 MP: 2/2
   390 | D:1      | Reached XP level 3. HP: 27/30 MP: 3/3
   453 | D:1      | Found a faded altar of an unknown god.
   830 | D:2      | Found Afiazimaubb's Weapon Shop.
  1416 | D:2      | Reached XP level 4. HP: 25/37 MP: 4/4
  1845 | D:3      | Found a blossoming altar of Fedhas.
  1968 | D:3      | Identified the +10 quarterstaff "Hydraslayer" {speed, rC+
                  | Int+4 Dex+4}
  2042 | D:3      | Found a white marble altar of Elyvilon.
  2050 | D:3      | Became a worshipper of Elyvilon the Healer
  2513 | D:3      | Reached * piety under Elyvilon
  2937 | D:4      | Reached skill level 1 in Axes
  2937 | D:4      | Reached XP level 5. HP: 40/45 MP: 5/5
  3073 | D:4      | Found a staircase to the Ecumenical Temple.
  3324 | D:4      | Found a radiant altar of Vehumet.
  3379 | D:4      | Found a bloodstained altar of Trog.
  3466 | D:4      | Reached XP level 6. HP: 43/51 MP: 6/6
  3932 | D:5      | Entered Level 5 of the Dungeon
  3983 | D:5      | Your scales start taking on a rich purple colour.
  3983 | D:5      | Reached XP level 7. HP: 43/58 MP: 7/7
  4002 | D:5      | Noticed Dowan
  4008 | D:5      | Noticed Duvessa
  4018 | D:5      | Killed Dowan
  4022 | D:5      | Slain by Duvessa

Illustrated notes

Levels and vault maps discovered:
D:1:      ebering_hopf_link, layout_loops_ring, serial_glass, glass_columns_a,
          glass_columns_b, ebering_ecumenical_altar_hall
D:2:      layout_basic, serial_shops, nicolae_shop_bloodbath_and_beyond,
          chequers_serial_rivers_small_b
D:3:      layout_basic, lemuel_round_altar, nicolae_elyvilon_temple_path,
          kennysheep_generic_room_15
D:4:      layout_basic, trog_hazing_becter, overflow_temple_1_default,
          minmay_temple_entry_statues_fountains, nrook_campfire,
          hangedman_abyss_or_decor_lesser_grid
D:5:      layout_cave_pods, tso_metal_star, grunt_decor_one_mirror, uniq_duvessa

Skill      XL: |  1  2  3  4  5  6  7 |
---------------+----------------------+-----
Stealth        | 2 3 |  3.8
Fighting       | 3 4 |  4.3
Axes           | 1 2 3 4 |  4.3
Dodging        | 2 |  2.5
Shields        | 4 |  4.0
Staves         | |  0.6
Unarmed Combat | |  2.6

Action                   |  1- 3 |  4- 6 |  7- 9 || total
-------------------------+-------+-------+-------++-------
Melee: Dagger            |    12 |       |       ||    12
       Hand axe          |    77 |   113 |    14 ||   204
       Tailslap          |     6 |     8 |     5 ||    19
       Quarterstaff      |       |     7 |       ||     7
Invok: Purification      |       |     1 |       ||     1
 Abil: Breathe Dispellin |       |       |     1 ||     1
  Use: Scroll            |       |     8 |       ||     8
 Stab: Sleeping          |    10 |     4 |       ||    14
       Distracted        |     1 |     1 |       ||     2
Armor: Skin              |    24 |    25 |     2 ||    51
Dodge: Dodged            |    46 |    81 |     4 ||   131
Block: Buckler           |    18 |    28 |     2 ||    48

Table legend: (Time is in decaauts)
 A = Elapsed time spent in this place.
 B = Non-inter-level travel time spent in this place.
 C = Inter-level travel time spent in this place.
 D = Time resting spent in this place.
 E = Time spent auto-exploring this place.
 F = Levels seen in this place.
 G = Mean time per level.
                   A        B        C        D        E       F      G
               +--------+--------+--------+--------+--------+-----+--------+
         Total |   4075 |   3634 |    441 |    547 |   2380 |   5 |  815.0 |
       Dungeon |   4075 |   3634 |    441 |    547 |   2380 |   5 |  815.0 |
               +--------+--------+--------+--------+--------+-----+--------+

Top non-repeatable levels by time:
     D:3: 1136 daAuts
     D:4: 1074 daAuts
     D:2: 951 daAuts
     D:1: 820 daAuts
     D:5: 93 daAuts
